 Dungeon Crawl Stone Soup version 0.28-a0-932-g843f935a50 (webtiles) character file.

Game seed: 13954522176023321298

5028 Conn the Thaumaturge (level 10, -1/59 HPs)
             Began as an Octopode Fire Elementalist on Nov 26, 2021.
             Was a Believer of Sif Muna.
             Slain by a yak (17 damage)
             ... on level 8 of the Dungeon.
             The game lasted 00:18:18 (10836 turns).

Conn the Thaumaturge (Octopode Fire Elementalist)  Turns: 10836, Time: 00:18:22

Health: -1/59      AC:  1    Str:  8    XL:     10   Next: 55%
Magic:  2/22       EV: 14    Int: 20    God:    Sif Muna [**....]
Gold:   221        SH:  0    Dex: 13    Spells: 12/25 levels left

rFire   + + .      SeeInvis +   y - +8 morningstar "Munol" {freeze, Fragile rPois rF+ Will+++}
rCold   . . .      Faith    .   (no shield)
rNeg    . . .      Spirit   .   (helmet restricted)
rPois   +          Reflect  .   (no amulet)
rElec   .          Harm     .   w - ring of see invisible
rCorr   .          Rampage  .   z - ring of protection from fire
Will    +++..                   (no ring)
Stlth   ++++......              (no ring)
HPRegen 0.19/turn               (no ring)
MPRegen 0.18/turn               (no ring)
                                (no ring)
                                (no ring)

@: no status effects
A: almost no armour, amphibious, 8 rings, camouflage 1, gelatinous body 1,
(nimble swimmer 1), tentacles
a: Renounce Religion, Channel Magic


You were on level 8 of the Dungeon.
You worshipped Sif Muna.
Sif Muna was pleased with you.
You visited 2 branches of the dungeon, and saw 10 of its levels.

You collected 437 gold pieces.
You spent 216 gold pieces at shops.

Inventory:

Hand Weapons
 e - a +0 dagger
 t - a +3 dagger of distortion
 y - the +8 morningstar "Munol" (weapon) {freeze, Fragile rPois rF+ Will+++}
   (You bought it in a shop on level 2 of the Dungeon)

   It freezes those it strikes, dealing additional cold damage.
   It can also slow down cold-blooded creatures.
   rF:        It protects you from fire.
   rPois:     It protects you from poison.
   Fragile:   It will be destroyed if unequipped.
   Will:      It greatly increases your willpower.
Missiles
 b - 4 curare-tipped darts (quivered)
Magical Staves
 j - a staff of conjuration
Jewellery
 w - a ring of see invisible (left tentacle)
 z - a ring of protection from fire (right tentacle)
 D - a ring of ice
Wands
 q - a wand of iceblast (8)
 B - a wand of paralysis (9)
Scrolls
 a - a scroll of vulnerability {unknown}
 d - 2 scrolls of silence {unknown}
 i - 4 scrolls of teleportation
 k - 2 scrolls of holy word
 l - a scroll of blinking {unknown}
 o - 2 scrolls of enchant armour {unknown}
 p - 2 scrolls of enchant weapon {unknown}
 s - 2 scrolls of immolation {unknown}
 u - a scroll of noise {unknown}
 v - a scroll of magic mapping {unknown}
 x - 2 scrolls of amnesia {unknown}
 C - a scroll of acquirement {unknown}
 F - a scroll of summoning {unknown}
Potions
 c - 5 potions of might
 f - 2 potions of heal wounds
 g - a potion of curing
 h - a potion of resistance
 m - a potion of invisibility {unknown}
 n - a potion of cancellation {unknown}
 r - 2 potions of haste
 A - a potion of attraction {unknown}
 E - a potion of brilliance {unknown}
 G - a potion of ambrosia {unknown}


   Skills:
 + Level 1.6 Fighting
 + Level 0.5 Short Blades
 + Level 2.2(2.4) Maces & Flails
 + Level 1.3(2.0) Staves
 + Level 3.7 Dodging
 + Level 4.9 Stealth
 + Level 8.2 Spellcasting
 + Level 7.3 Conjurations
 + Level 8.1 Fire Magic
 * Level 3.8 Invocations
 + Level 0.5 Evocations


You had 12 spell levels left.
You knew the following spells:

 Your Spells              Type           Power      Damage    Failure   Level
a - Foxfire               Conj/Fire      100%       2x1d9     1%          1
b - Conjure Flame         Conj/Fire      39%        6-21      1%          3
c - Inner Flame           Hex/Fire       24%        N/A       4%          3
d - Flame Wave            Conj/Fire      39%        3d8       3%          4
e - Scorch                Fire           80%        2d9       1%          2

Your spell library contained the following spells:

 Spells                   Type           Power      Damage    Failure   Level


Dungeon Overview and Level Annotations

Branches:
Dungeon (9/15)             Temple (1/1) D:4
   Lair: D:8-11         Orc: D:9-12

Altars:
Ashenzari
Makhleb
Sif Muna
Trog
The Shining One
Beogh

Shops:
D:2 =:([   D:5 [   D:6 :

Annotations:
D:8 2 transporters, Gastronok; Vbesf's ghost, novice OpTm


Innate Abilities, Weirdness & Mutations

You cannot wear most types of armour.
You are amphibious.
You can wear up to eight rings at the same time.
Your skin changes colour to match your surroundings (Stealth+).
Your rubbery body absorbs attacks. (AC +1, EV +1)
((You are camouflaged near water. (Stealth+)))
You have tentacles for arms and can constrict up to eight enemies at once.


Message History

The yak closely misses you.
A wave of flame ripples out!
The flame wave engulfs the yak!
You kill the yak!
Sif Muna accepts your kill.
The flame wave engulfs the yak!!
The yak is severely wounded.
The deep elf pyromancer points at you and mumbles some strange words.
The bolt of fire hits you! You resist.
A wave of flame ripples out!
The flame wave engulfs the yak!
The yak is almost dead.
The flame wave engulfs the deep elf pyromancer!
The deep elf pyromancer is moderately wounded.
The flame wave engulfs the yak!
The yak is heavily wounded.
You finish channelling waves of flame.
You hear a shout!
The yak gores you!
The deep elf pyromancer casts a spell.
Casting: Flame Wave (dangerous; 3% risk of failure)
Confirm with . or Enter, or press ? or * to list all spells.
Casting: Flame Wave (dangerous; 3% risk of failure)
Press: ? - help, Dir - look around, f - activate A wave of flame ripples out!
The flame wave engulfs the yak.
You kill the yak!
Sif Muna accepts your kill. (Press . to intensify the flame waves.) Unknown command.
A wave of flame ripples out!
The flame wave engulfs the deep elf pyromancer!
The deep elf pyromancer is severely wounded.
The flame wave engulfs the yak!
The yak is severely wounded.
The flame wave engulfs the fire elemental.
The fire elemental completely resists.
The flame wave engulfs the fire elemental.
The fire elemental completely resists.
The deep elf pyromancer hits you with a +0 long sword!
* * * LOW HITPOINT WARNING * * *
The yak gores you!
You die...

#### ..... .....#
......# .......#### ##
#........## ...
##......>..###... ...
#. #.........Eā—‹.....
... #. #.......<@e.##..
..##. #........YE.#
.... ##.........ā—‹##
.). ##...#...^..# ).
######.##..# ###z
#.........# #####.)<
#.........### ...yy...
#...........###.#######
#......>....Z...#


You could see a deep elf pyromancer (fast), a yak and 2 fire elementals.

Vanquished Creatures
  Joseph (D:7)
  A hornet (D:8)
  A wyvern (D:7)
  5 yaks (D:8)
  2 acid dragons
  A water moccasin (D:7)
  A sky beast (D:6)
  An ice beast (D:6)
  A black bear (D:5)
  An ogre (D:6)
  2 necrophages
  3 wolves (D:8)
  2 centaurs (D:8)
  2 phantoms
  4 kobold brigands
  3 bullfrogs
  3 scorpions
  6 killer bees (D:8)
  10 wights
  2 electric eels (D:8)
  2 centaur zombies
  A jelly (D:6)
  An orc priest (D:4)
  A centaur skeleton (D:4)
  7 hounds
  4 iguanas
  4 orc wizards
  A killer bee zombie (D:6)
  3 gnolls (D:6)
  3 howler monkey zombies
  5 adders
  A shadow imp (D:6)
  A white imp (D:5)
  2 ufetubi
  A worm (D:2)
  A dart slug (D:2)
  22 orcs
  7 bats
  4 endoplasms
  3 giant cockroaches
  3 goblins
  9 hobgoblins
  18 kobolds
  4 quokkas
  5 ball pythons
  2 frilled lizards
  8 rats
175 creatures vanquished.

Vanquished Creatures (others)
  590 foxfires
590 creatures vanquished.

Grand Total: 765 creatures vanquished

Notes
Turn   | Place    | Note
-------+----------+-------------------------------------------
     0 | D:1      | Conn the Octopode Fire Elementalist began the quest for the
                  | Orb.
     0 | D:1      | Reached XP level 1. HP: 11/11 MP: 3/3
   250 | D:1      | Reached XP level 2. HP: 8/17 MP: 1/5
   974 | D:2      | Reached XP level 3. HP: 16/21 MP: 2/6
  1137 | D:2      | Found Giatubb's Book Shop.
  1240 | D:2      | Found Fuocs's Armour Emporium.
  1363 | D:2      | Found a faded altar of an unknown god.
  2118 | D:2      | Reached XP level 4. HP: 18/27 MP: 7/7
  2238 | D:2      | Found Masav's Antique Weapon Shoppe.
  2286 | D:2      | Found Piru's Jewellery Boutique.
  2763 | D:4      | Found a staircase to the Ecumenical Temple.
  2772 | Temple   | Entered the Ecumenical Temple
  2778 | Temple   | Became a worshipper of Sif Muna the Loreminder
  3305 | D:3      | Reached XP level 5. HP: 31/31 MP: 3/9
  4323 | D:4      | Reached XP level 6. HP: 28/36 MP: 6/10
  4652 | D:4      | Noticed a necrophage
  4658 | D:4      | Killed a necrophage
  4933 | D:4      | Learned a level 3 spell: Conjure Flame
  4937 | D:4      | Learned a level 3 spell: Inner Flame
  4942 | D:4      | Learned a level 4 spell: Flame Wave
  4960 | D:5      | Entered Level 5 of the Dungeon
  4988 | D:5      | Reached XP level 7. HP: 42/42 MP: 8/12
  5114 | D:5      | Reached skill level 5 in Fire Magic
  5242 | D:5      | Reached skill level 1 in Staves
  5424 | D:5      | Found Pyket's Antique Armour Boutique.
  6341 | D:2      | Bought a brightly glowing morningstar for 216 gold pieces
  6341 | D:2      | Identified the +8 morningstar "Munol" {freeze, Fragile
                  | rPois rF+ Will+++} (You bought it in a shop on level 2 of
                  | the Dungeon)
  6518 | D:5      | Learned a level 2 spell: Scorch
  6582 | D:6      | Identified the +2 helmet of Time Monsters {Will+}
  6742 | D:6      | Reached XP level 8. HP: 47/47 MP: 7/14
  6891 | D:6      | Found Viygafis's Book Boutique.
  6908 | D:6      | Reached * piety under Sif Muna
  6924 | D:6      | Reached skill level 1 in Fighting
  6924 | D:6      | Reached skill level 5 in Spellcasting
  7241 | D:6      | Reached skill level 5 in Conjurations
  7818 | D:7      | Reached skill level 1 in Maces & Flails
  7863 | D:7      | Found a broken altar of Ashenzari.
  7920 | D:7      | Reached XP level 9. HP: 53/53 MP: 12/17
  8556 | D:7      | Noticed Joseph
  8563 | D:7      | Killed Joseph
  9363 | D:8      | Noticed Gastronok
  9397 | D:8      | Noticed a troll
  9402 | D:8      | Found a transporter.
  9497 | D:8      | Reached ** piety under Sif Muna
  9613 | D:8      | Reached skill level 1 in Invocations
  9613 | D:8      | Reached XP level 10. HP: 59/59 MP: 14/21
  9688 | D:8      | Noticed Vbesf's ghost (novice OpTm)
  9697 | D:8      | Found a transporter.
 10805 | D:9      | Noticed a red ugly thing
 10829 | D:8      | Noticed a deep elf pyromancer
 10836 | D:8      | Slain by a yak

Illustrated notes

Levels and vault maps discovered:
D:1:      minmay_arrival_arboretum_small, layout_basic, minmay_misc_feat_hallway
D:2:      layout_basic, shapermc_ecumenical_altar_pompeii, serial_shops, shop,
          nicolae_shop_statue_plus, nicolae_lakefront_shop, nicolae_shop_trees
D:3:      layout_basic
D:4:      layout_basic, minmay_temple_entry_stoned_glass,
          hangedman_abyss_or_decor_lesser_grid, kennysheep_orc_chapel
D:5:      layout_layer_cave, serial_shops, shop
D:6:      layout_rooms, serial_shops, shop, lightli_orcish_oven
D:7:      layout_basic, nicolae_ashenzari_panopticon, uniq_joseph
D:8:      minmay_angry_zag, layout_rooms, erik_lair_island,
          gammafunk_ghost_stat_death, uniq_gastronok
D:9:      minmay_bubble_buster, layout_gridville,
          minmay_fractal_squares_gapless_5
Temple:   nicolae_temple_the_god_donut

Skill      XL: |  1  2  3  4  5  6  7  8  9 10 |
---------------+-------------------------------+-----
Stealth        | 3 4 |  4.9
Conjurations   | 2 3 4 5 6 7 |  7.3
Fire Magic     | 4 5 6 7 8 |  8.1
Spellcasting   | 3 4 5 7 8 |  8.2
Staves         | 1 |  1.3
Fighting       | 1 |  1.6
Maces & Flails | 1 2 |  2.2
Dodging        | 3 |  3.7
Invocations    | 1 3 |  3.8
Short Blades   | |  0.5
Evocations     | |  0.5

Action                   |  1- 3 |  4- 6 |  7- 9 | 10-12 || total
-------------------------+-------+-------+-------+-------++-------
Melee: Unarmed           |     4 |       |       |       ||     4
       Constrict         |     8 |     5 |     4 |     2 ||    19
       Dagger            |    17 |       |       |       ||    17
       Tentacles         |     4 |     3 |     2 |       ||     9
       Staff             |    15 |    16 |     4 |       ||    35
       Morningstar       |       |       |    17 |    10 ||    27
 Cast: Foxfire           |    45 |    75 |   177 |    49 ||   346
       Flame Wave        |       |       |     8 |    11 ||    19
       Scorch            |       |       |     2 |     6 ||     8
       Conjure Flame     |       |       |     2 |     2 ||     4
       Inner Flame       |       |       |       |     1 ||     1
Invok: Channel Magic     |       |       |       |     1 ||     1
Evoke: Wand              |       |       |     4 |       ||     4
  Use: Scroll            |       |       |     8 |       ||     8
       Potion            |       |       |     1 |       ||     1
 Stab: Sleeping          |     6 |     1 |       |       ||     7
Armor: Skin              |     3 |       |     4 |     2 ||     9
Dodge: Dodged            |    22 |    19 |    27 |    13 ||    81

Table legend: (Time is in decaauts)
 A = Elapsed time spent in this place.
 B = Non-inter-level travel time spent in this place.
 C = Inter-level travel time spent in this place.
 D = Time resting spent in this place.
 E = Time spent auto-exploring this place.
 F = Levels seen in this place.
 G = Mean time per level.
                   A        B        C        D        E       F      G
               +--------+--------+--------+--------+--------+-----+--------+
         Total |  10862 |  10171 |    691 |    820 |   7769 |  10 | 1086.2 |
       Dungeon |  10848 |  10161 |    687 |    820 |   7769 |   9 | 1205.3 |
        Temple |     14 |     10 |      4 |      0 |      0 |   1 |   14.0 |
               +--------+--------+--------+--------+--------+-----+--------+

Top non-repeatable levels by time:
     D:2: 1822 daAuts
     D:7: 1752 daAuts
     D:4: 1411 daAuts
     D:5: 1261 daAuts
     D:3: 1095 daAuts
     D:6: 1033 daAuts
     D:1: 950 daAuts
     D:8: 808 daAuts
     D:9: 712 daAuts
  Temple: 14 daAuts
